 Dungeon Crawl Stone Soup version 0.27-a0-1416-g941b2bd30b (webtiles) character file.

Game seed: 3585488964721660760

5 Brandom the Insei (level 1, -3/13 HPs)
             Began as an Octopode Transmuter on July 1, 2021.
             Frozen to death by an endoplasm (5 damage)
             ... on level 2 of the Dungeon.
             The game lasted 00:00:54 (105 turns).

Brandom the Insei (Octopode Transmuter)              Turns: 105, Time: 00:00:54

Health: -3/13      AC:  1    Str:  9    XL:     1   Next: 80%
Magic:  3/3        EV: 13    Int: 15    God:
Gold:   0          SH:  0    Dex: 12    Spells: 3/4 levels left

rFire    . . .     SeeInvis .     - Unarmed
rCold    . . .     Faith    .   (no shield)
rNeg     . . .     Spirit   .   (helmet restricted)
rPois    .         Reflect  .   (no amulet)
rElec    .         Harm     .   (no ring)
rCorr    .         Rampage  .   (no ring)
Will     .....                  (no ring)
Stlth    ++........             (no ring)
HPRegen  0.04/turn              (no ring)
MPRegen  0.08/turn              (no ring)
                                (no ring)
                                (no ring)

@: no status effects
A: almost no armour, amphibious, 8 rings, camouflage 1, gelatinous body 1,
(nimble swimmer 1), tentacles
a: no special abilities


You were on level 2 of the Dungeon.
You visited 1 branch of the dungeon, and saw 2 of its levels.

Inventory:

Jewellery
 a - an amulet of reflection
   (You found it on level 2 of the Dungeon)


   Skills:
 * Level 1.2 Fighting
 + Level 2.0 Dodging
 + Level 3.0 Unarmed Combat
 + Level 2.0 Spellcasting
 + Level 2.1 Transmutations


You had 3 spell levels left.
You knew the following spells:

 Your Spells              Type           Power      Damage    Failure   Level
a - Beastly Appendage     Tmut           14%        N/A       10%         1

Your spell library contained the following spells:

 Spells                   Type           Power      Damage    Failure   Level
 Wereblood                Tmut           7%         N/A       14%         2
 Summon Small Mammal      Summ           4%         N/A       22%         1
 Spider Form              Tmut/Pois      2%         N/A       41%         3
 Call Canine Familiar     Summ           1%         N/A       54%         3
 Summon Guardian Golem    Hex/Summ       1%         N/A       54%         3
 Ice Form                 Ice/Tmut       4%         N/A       82%         4


Dungeon Overview and Level Annotations

Branches:
Dungeon (1/15)

Altars:


Innate Abilities, Weirdness & Mutations

You cannot wear most types of armour.
You are amphibious.
You can wear up to eight rings at the same time.
Your skin changes colour to match your surroundings (Stealth+).
Your rubbery body absorbs attacks. (AC +1, EV +1)
((You are camouflaged near water. (Stealth+)))
You have tentacles for arms and can constrict up to eight enemies at once.


Message History

A worm comes into view.
You see here an amulet of reflection.
a - an amulet of reflection A ball python comes into view.
The ball python hisses angrily.
The kobold falls through a shaft!
The shaft crumbles and collapses.
A kobold comes into view. It is wielding a +0 short sword.
A kobold comes into view. It is wielding a +0 dagger.
Found 14 gold pieces.
Found a stone staircase leading down.
A hobgoblin comes into view.
The hobgoblin shouts!
The kobold shouts!
The kobold throws a stone.
The stone misses you. The hobgoblin barely misses you.
You tentacle-slap the hobgoblin. You grab the hobgoblin.
You constrict the hobgoblin, but do no damage.
The hobgoblin barely misses you. The ball python barely misses you.
The ball python grabs you. The ball python constricts you.
You tentacle-slap the hobgoblin.
You kill the hobgoblin!
The kobold hits you but does no damage. The ball python bites you.
The ball python constricts you.
The ball python's grasp on you weakens, but your attempt to escape fails.
The ball python bites you.
* * * LOW HITPOINT WARNING * * *
The ball python constricts you. The kobold completely misses you.
You tentacle-slap the ball python. You grab the ball python.
You constrict the ball python, but do no damage.
The ball python barely misses you.
* * * LOW HITPOINT WARNING * * *
The ball python constricts you.
You tentacle-slap the ball python.
You kill the ball python!
The kobold hits you with a +0 dagger.
* * * LOW HITPOINT WARNING * * *
The kobold barely misses you. The kobold barely misses you.
The kobold throws a stone.
The stone hits you but does no damage.
The kobold throws a stone.
The stone hits you.
* * * LOW HITPOINT WARNING * * *
You open the door. The kobold hits you but does no damage.
A giant cockroach comes into view.
There is an open door here.
Found 4 gold pieces.
An endoplasm comes into view.
The kobold throws a stone.
The stone barely misses you. The endoplasm misses you.
The endoplasm freezes you.
You are frozen.
You die...

###########
..........#
........# ..
#......# ...
#......# #.. #@..#
.$# #J..# #..
###.###.K.#
#...#..#..#...#
#...#..#..#...#
###..#......#..K...#
#....#......#......#
.....#.............#
.....#..B..........#


You could see an endoplasm and 2 kobolds.

Vanquished Creatures
  A ball python (D:2)
  2 bats (D:2)
  A hobgoblin (D:2)
4 creatures vanquished.

Notes
Turn   | Place    | Note
-------+----------+-------------------------------------------
     0 | D:1      | Brandom the Octopode Transmuter began the quest for the
                  | Orb.
     0 | D:1      | Reached XP level 1. HP: 13/13 MP: 3/3
    13 | D:1      | You fall into a shaft and drop 1 floor!
   105 | D:2      | Frozen to death by an endoplasm

Illustrated notes

Levels and vault maps discovered:
D:1:      tarquinn_simple_flora_water_d, layout_basic,
          chequers_ecumenical_altar_simple, kennysheep_minor_cross
D:2:      layout_rooms, kennysheep_generic_room_16

Action                   || total
-------------------------++-------
Melee: Unarmed           ||    14
       Constrict         ||     3
       Tentacles         ||     1
 Cast: Beastly Appendage ||     1
 Stab: Sleeping          ||     1
Armor: Skin              ||    10
Dodge: Dodged            ||    25

Table legend: (Time is in decaauts)
 A = Elapsed time spent in this place.
 B = Non-inter-level travel time spent in this place.
 C = Inter-level travel time spent in this place.
 D = Time resting spent in this place.
 E = Time spent auto-exploring this place.
 F = Levels seen in this place.
 G = Mean time per level.
                   A        B        C        D        E       F      G
               +--------+--------+--------+--------+--------+-----+--------+
         Total |    104 |    104 |      0 |      0 |     30 |   2 |   52.0 |
       Dungeon |    104 |    104 |      0 |      0 |     30 |   2 |   52.0 |
               +--------+--------+--------+--------+--------+-----+--------+

Top non-repeatable levels by time:
     D:2: 91 daAuts
     D:1: 13 daAuts
